 Dungeon Crawl Stone Soup version 0.22-a0-587-g7d32d7c (webtiles) character file.

259 Hebeh the Covered (level 5, 0/47 HPs)
             Began as a Minotaur Fighter on July 4, 2018.
             Was an Initiate of Trog.
             Slain by Sigmund
             ... wielding a +0 scythe
              (10 damage)
             ... on level 4 of the Dungeon.
             The game lasted 00:05:58 (2365 turns).

Hebeh the Covered (Minotaur Fighter)                Turns: 2365, Time: 00:05:58

Health: 0/47       AC:  7    Str: 21    XL:     5   Next: 95%
Magic:  4/4        EV:  7    Int:  5    God:    Trog [......]
Gold:   81         SH:  9    Dex: 10    Spells: 4/4 levels left

rFire    . . .     SeeInvis .   q - +2 war axe (freeze)
rCold    . . .     Gourm    .   c - +0 shield
rNeg     . . .     Faith    .   b - +0 scale mail
rPois    .         Spirit   .   (helmet restricted)
rElec    .         Reflect  .   (no cloak)
rCorr    .         Harm     .   (no gloves)
MR       .....                  (no boots)
Stlth    ..........             (no amulet)
HPRegen  0.15/turn              (no ring)
MPRegen  0.09/turn              (no ring)

@: no status effects
A: retaliatory headbutt, horns 2
a: Renounce Religion


You were on level 4 of the Dungeon.
You worshipped Trog.
Trog was noncommittal.
You were not hungry.

You visited 1 branch of the dungeon, and saw 4 of its levels.

You collected 81 gold pieces.

Inventory:

Hand Weapons
 i - a +1 whip of freezing
 q - a +2 war axe of freezing (weapon)
Missiles
 h - 57 stones (quivered)
Armour
 b - a +0 scale mail (worn)
 c - a +0 shield (worn)
Jewellery
 l - an uncursed amulet of guardian spirit {unknown}
Scrolls
 e - a scroll of magic mapping {unknown}
 k - a scroll of identify {unknown}
 m - 2 scrolls of teleportation {unknown}
 n - 2 scrolls of enchant armour {unknown}
Potions
 d - a potion of might
 j - a potion of mutation {unknown}
 o - a potion of ambrosia {unknown}
 p - a potion of invisibility {unknown}
Comestibles
 f - 2 rations


   Skills:
 + Level 4.5 Fighting
 * Level 3.6(4.1) Axes
 - Level 2.8(3.7) Maces & Flails
 + Level 1.9 Throwing
 + Level 4.7 Armour
 + Level 4.6 Shields


You had 4 spell levels left.
You didn't know any spells.
Your spell library contained the following spells:

 Spells                   Type           Power        Failure   Level  Hunger
 Animate Dead             Necr           N/A          100%        4    #####..
 Pain                     Necr           #...         99%         1    ##.....
 Animate Skeleton         Necr           N/A          99%         1    ##.....
 Vampiric Draining        Necr           #.........   100%        3    ####...
 Regeneration             Chrm/Necr      #.........   100%        3    ####...


Dungeon Overview and Level Annotations

Branches:
Dungeon (4/15)             Temple (0/1) D:4

Altars:
Hepliaklqana
Nemelex Xobeh
Ru
Trog

Annotations:
D:4 Sigmund


Innate Abilities, Weirdness & Mutations

You reflexively headbutt those who attack you in melee.
You have a pair of horns on your head.


Message History

You see here a howler monkey corpse.
You miss something. Your headbutt misses something. Something hits you.
You closely miss something. Something hits you.
You hit something but do no damage. You headbutt something!
You block something's attack.
Your shield prevents you from hitting something.
You headbutt something. You miss something. Something hits you.
You barely miss something. You headbutt something. Something hits you.
You closely miss something. You headbutt something. Something hits you!
You miss something. Something hits you.
* * * LOW HITPOINT WARNING * * *
You miss something. You headbutt something.
You hear some strange, mumbled words.
A magic dart appears from out of thin air!
The magic dart hits you!
* * * LOW HITPOINT WARNING * * *
Your shield prevents you from hitting something.
Something hits you!
You die...

........>.
......P.P
.........
...(.....
#........
#........
#{.......
#@.......
#......(.
#.##.....
#.###########
#.#.........#
#...........#
###.#...#####.#
...<....>.....#
#####...#######


There were no monsters in sight!

Vanquished Creatures
  A howler monkey (D:4)
  An orc priest (D:4)
  An iguana (D:4)
  2 worker ants
  2 adders
  3 gnolls
  2 worms (D:3)
  A dart slug (D:3)
  3 leopard geckos
  4 orcs
  3 giant cockroaches (D:3)
  A goblin (D:1)
  5 hobgoblins
  9 jackals
  5 kobolds
  6 bats
  8 frilled lizards
  8 rats
65 creatures vanquished.

Notes
Turn   | Place    | Note
-------+----------+-------------------------------------------
     0 | D:1      | Hebeh the Minotaur Fighter began the quest for the Orb.
     0 | D:1      | Reached XP level 1. HP: 19/19 MP: 0/0
    98 | D:1      | Reached XP level 2. HP: 27/27 MP: 1/1
   125 | D:1      | Reached skill level 1 in Maces & Flails
   801 | D:1      | Reached XP level 3. HP: 15/33 MP: 2/2
   973 | D:1      | Reached skill level 1 in Throwing
  1261 | D:3      | Reached XP level 4. HP: 29/40 MP: 3/3
  1871 | D:3      | Found a hazy altar of Hepliaklqana.
  1903 | D:3      | Found a sacrificial altar of Ru.
  1920 | D:3      | Found a sparkling altar of Nemelex Xobeh.
  1973 | D:3      | Reached XP level 5. HP: 45/46 MP: 4/4
  1990 | D:4      | Found a bloodstained altar of Trog.
  2290 | D:4      | Became a worshipper of Trog the Wrathful
  2347 | D:4      | Noticed Sigmund
  2355 | D:4      | Found a staircase to the Ecumenical Temple.
  2365 | D:4      | Slain by Sigmund

Vault maps used:
D:1:      dpeg_arrival_stonehenge_8_columns
D:3:      marbit_many_paths, lemuel_round_altar, nicolae_ru_awakened_eye
D:4:      kb_forest_paths, bloody_trog, grunt_temple_overflow_diamond,
          minmay_temple_entry_trees, first_ration, serial_shops, shop,
          minmay_ogre_servants, uniq_sigmund

Skill      XL: |  1  2  3  4  5 |
---------------+----------------+-----
Maces & Flails | 1 2 |  2.8
Armour         | 4 |  4.7
Fighting       | 4 |  4.5
Shields        | 4 |  4.6
Throwing       | 1 |  1.9
Axes           | 3 |  3.6

Action                   |  1- 3 |  4- 6 || total
-------------------------+-------+-------++-------
Melee: Whip              |    85 |    47 ||   132
       War axe           |     6 |    44 ||    50
       Headbutt          |     6 |    19 ||    25
  Eat: Chunk             |     1 |     2 ||     3
       Ration            |       |     1 ||     1
Armor: Scale mail        |    36 |    38 ||    74
Dodge: Dodged            |    32 |    19 ||    51
Block: Shield            |    40 |    36 ||    76

Table legend:
 A = Spawn XP
 B = Non-spawn XP
 C = Spawn XP percentage of total XP
 D = Spawn monster count
 E = Non-spawn monster count
 F = Spawn count percentage of total count
 G = Total turns spent on level
                    A         B        C        D         E        F      G
               +---------+---------+-------+---------+---------+-------+---------
         Total |       0 |     371 |   0.0 |       0 |      65 |   0.0 |  2365
               +---------+---------+-------+---------+---------+-------+---------
           D:1 |       0 |      61 |   0.0 |       0 |      23 |   0.0 |  1028
           D:2 |       0 |      34 |   0.0 |       0 |       6 |   0.0 |   225
           D:3 |       0 |     101 |   0.0 |       0 |      28 |   0.0 |   735
           D:4 |       0 |     175 |   0.0 |       0 |       8 |   0.0 |   377
               +---------+---------+-------+---------+---------+-------+---------
